 Dungeon Crawl Stone Soup version 0.28.0-45-g0d030f2227 (webtiles) character file.

Game seed: 2564267274947002859

217 Peloso the Covered (level 5, -10/48 HPs)
             Began as a Minotaur Fighter on Mar 31, 2022.
             Mangled by an orc warrior
             ... wielding a +0 dire flail
              (12 damage)
             ... on level 4 of the Dungeon.
             The game lasted 00:04:07 (2595 turns).

Peloso the Covered (Minotaur Fighter)               Turns: 2595, Time: 00:04:07

Health: -10/48     AC:  8    Str: 20    XL:     5   Next: 62%
Magic:  4/4        EV:  9    Int:  5    God:
Gold:   202        SH:  7    Dex: 12    Spells: 4/4 levels left

rFire   . . .      SeeInvis .   a - +0 long sword
rCold   . . .      Faith    .   o - +2 buckler
rNeg    . . .      Spirit   .   b - +0 scale mail
rPois   .          Reflect  .   (helmet restricted)
rElec   .          Harm     .   (no cloak)
rCorr   .          Rampage  .   n - +0 pair of gloves
Will    .....                   (no boots)
Stlth   ..........              (no amulet)
HPRegen 0.16/turn               (no ring)
MPRegen 0.09/turn               (no ring)

@: no status effects
A: horns 2, retaliatory headbutt
a: no special abilities


You were on level 4 of the Dungeon.
You visited 1 branch of the dungeon, and saw 4 of its levels.

You collected 202 gold pieces.

Inventory:

Hand Weapons
 a - a +0 long sword (weapon)
Armour
 b - a +0 scale mail (worn)
 n - a +0 pair of gloves (worn)
 o - a +2 buckler (worn)
Wands
 c - a wand of flame (15)
 m - a wand of digging (6)
Scrolls
 e - a scroll of noise {unknown}
 f - 8 scrolls of identify {unknown}
 g - 2 scrolls of teleportation {unknown}
 l - a scroll of vulnerability {unknown}
 p - 2 scrolls of fog {unknown}
 q - a scroll of fear {unknown}
Potions
 d - 2 potions of might
 h - 2 potions of degeneration {unknown}
 i - a potion of flight {unknown}
 j - 2 potions of curing {unknown}
 k - 2 potions of attraction {unknown}


   Skills:
 + Level 5.0 Fighting
 + Level 4.4 Long Blades
 + Level 5.1 Armour
 + Level 0.6 Dodging
 + Level 4.1 Shields


You had 4 spell levels left.
You didn't know any spells.
Your spell library contained the following spells:

 Spells                   Type           Power      Damage    Failure   Level
 Corpse Rot               Necr/Air       0%         N/A       96%         2
 Dispel Undead            Necr           0%         3d6       100%        4
 Leda's Liquefaction      Hex/Erth       0%         N/A       100%        4
 Lee's Rapid Deconstruct  Erth           0%         3d5*      100%        5
 Death Channel            Necr           0%         N/A       100%        6
 Statue Form              Tmut/Erth      0%         N/A       100%        6


Dungeon Overview and Level Annotations

Branches:
Dungeon (4/15)
 Temple: D:4-7

Altars:


Innate Abilities, Weirdness & Mutations

You have a pair of horns on your head.
You reflexively headbutt those who attack you in melee.


Message History

The ball python bites you but does no damage.
The ball python constricts you.
You closely miss the ball python. You headbutt the ball python.
You kill the ball python!
The giant cockroach closely misses you.
You closely miss the orc warrior.
The giant cockroach bites you but does no damage.
The orc wizard casts a spell.
The orc wizard flickers and vanishes!
Deactivating autopickup; reactivate with Ctrl-A.
The orc warrior barely misses you. The giant cockroach bites you.
Unknown command.
You hit the giant cockroach.
You kill the giant cockroach!
The orc warrior hits you with a +0 dire flail!
You hit the orc warrior but do no damage.
You headbutt the orc warrior, but do no damage.
The orc warrior barely misses you.
You slash the orc warrior!
The orc warrior is moderately wounded.
The orc warrior hits you but does no damage.
The orc warrior hits you with a +0 dire flail!
You closely miss the orc warrior. Your headbutt misses the orc warrior.
The orc warrior is moderately wounded.
The orc warrior hits you with a +0 dire flail!
* * * LOW HITPOINT WARNING * * *
You barely miss the orc warrior.
The orc warrior is moderately wounded.
The orc hits you but does no damage.
The orc warrior hits you with a +0 dire flail!
* * * LOW HITPOINT WARNING * * *
You hit the orc warrior but do no damage.
The orc warrior is moderately wounded.
The orc warrior closely misses you. You block the orc's attack.
Unknown command.
An orc priest comes into view. It is wielding a +0 mace.
The orc priest shouts!
You hear a shout! x2
An orc wizard comes into view. It is wielding a +0 dagger.
The orc warrior hits you with a +0 dire flail!
You die...

##...#######......#..
....................#..
......................
.....#.#...#.........
#......#.#.#......#..
#...##...#.#......##.
####........#.##########
oo.....o##..#.# ######
#...@.o....# #.....
###.#o#..#######.....
...#.#..............
#.####.#........#.....
#.####o#..#####.#.....
#......>..#####.######
########..#.......
#....#.......
#.#.##.......


You could see an orc warrior, an orc priest, an orc wizard (wandering) and 3
orcs.

Vanquished Creatures
  A hound (D:3)
  An iguana (D:4)
  An orc wizard (D:3)
  5 adders
  An ufetubus (D:4)
  2 adder skeletons (D:4)
  A worm (D:2)
  2 dart slugs (D:1)
  4 orcs
  8 endoplasms
  3 giant cockroaches
  7 goblins
  6 hobgoblins
  3 quokkas
  7 ball pythons
  4 bats
  4 frilled lizards
  11 kobolds
  8 rats
79 creatures vanquished.

Notes
Turn   | Place    | Note
-------+----------+-------------------------------------------
     0 | D:1      | Peloso the Minotaur Fighter began the quest for the Orb.
     0 | D:1      | Reached XP level 1. HP: 19/19 MP: 0/0
   180 | D:1      | Reached XP level 2. HP: 27/27 MP: 1/1
   354 | D:1      | Found a faded altar of an unknown god.
   514 | D:2      | Reached XP level 3. HP: 33/33 MP: 2/2
  1466 | D:3      | Reached XP level 4. HP: 35/41 MP: 3/3
  2095 | D:3      | Reached skill level 5 in Armour
  2095 | D:3      | Reached XP level 5. HP: 33/47 MP: 4/4
  2363 | D:4      | Reached skill level 5 in Fighting
  2571 | D:4      | Noticed an orc warrior
  2593 | D:4      | HP: 2/48 [orc warrior/+0 dire flail (11)]
  2595 | D:4      | Mangled by an orc warrior

Illustrated notes

Levels and vault maps discovered:
D:1:      lemuel_arrival_behind_the_door_large, layout_basic,
          shapermc_ecumenical_altar_starsandcircs
D:2:      layout_loops_cross, minmay_pentomino_w4
D:3:      layout_basic, serial_glass, glass_columns_c, glass_columns_b,
          glass_columns_b, glass_columns_b, glass_columns_b, glass_columns_a,
          st_stairs_13
D:4:      layout_basic, st_stairs_5, minmay_cupped

Skill      XL: |  1  2  3  4  5 |
---------------+----------------+-----
Armour         | 4 5 |  5.1
Fighting       | 4 5 |  5.0
Shields        | 4 |  4.1
Long Blades    | 3 4 |  4.4
Dodging        | |  0.6

Action                   |  1- 3 |  4- 6 || total
-------------------------+-------+-------++-------
Melee: Long sword        |    92 |    68 ||   160
       Headbutt          |    13 |    12 ||    25
Armor: Scale mail        |    38 |    44 ||    82
Dodge: Dodged            |    36 |    35 ||    71
Block: Buckler           |    16 |    27 ||    43
